 Dungeon Crawl Stone Soup version 0.31.0-11-ge490571c62 (webtiles) character file.

Game seed: 13967217974403244796

121 qw the Shooter (level 4, -2/23 HPs)
             Began as a Spriggan Hunter on Feb 4, 2024.
             Slain by Robin
             ... wielding a +0 spear
              (5 damage)
             ... on level 2 of the Dungeon.
             The game lasted 00:00:06 (1334 turns).

qw the Shooter (Spriggan Hunter)                    Turns: 1334, Time: 00:00:06

Health: -2/23      AC:  2    Str:  7    XL:     4   Next: 77%
Magic:  5/5        EV: 20    Int: 10    God:
Gold:   174        SH:  0    Dex: 20    Spells: 3/3 levels left

rFire   . . .        a - +0 shortbow
rCold   . . .        (shield currently unavailable)
rNeg    . . .        c - +0 robe
rPois   .            (helmet restricted)
rElec   .            (no cloak)
rCorr   .            (gloves unavailable)
SInv    +            (boots unavailable)
Will    .....        (no amulet)
Stlth   ++           (no ring)
HPRegen 0.23/turn    (no ring)
MPRegen 0.09/turn

%: no passive effects
@: very quick
A: very small, no large weapons, unfitting armour, see invisible, speed 3
a: no special abilities


You were on level 2 of the Dungeon.
You visited 1 branch of the dungeon, and saw 2 of its levels.

You collected 174 gold pieces.


Innate Abilities, Weirdness & Mutations

You are very small and have problems with some larger weapons.
You are too small for most types of armour.
You have supernaturally acute eyesight. (SInv)
You cover ground extremely quickly. (Speed+++)


   Skills:
 - Level 2.0 Fighting
 + Level 5.0 Ranged Weapons
 - Level 5.0 Dodging
 - Level 1.5 Stealth


You had 3 spell levels left.
You didn't know any spells.
Your spell library was empty.

Inventory:

Hand Weapons
 a - a +0 shortbow (weapon)
Armour
 c - a +0 robe (worn)
Scrolls
 b - 4 scrolls of amnesia {unknown}
 d - a scroll of blinking {unknown}
 e - a scroll of vulnerability {unknown}
 f - a scroll of identify
Potions
 g - a potion of curing {unknown}
 h - a potion of might {unknown}
 i - a potion of heal wounds {unknown}

Dungeon Overview and Level Annotations

Branches:
Dungeon (2/15)

Altars:
Fedhas

Annotations:
D:2 Robin


Message History

You kill the goblin!
The goblin misses you.
You shoot an arrow. The arrow hits the goblin.
You kill the goblin!
You shoot an arrow. The arrow hits the goblin!
You kill the goblin!
Robin throws the goblin at you!
You shoot an arrow. The arrow closely misses the goblin. x2
The goblin barely misses you. The goblin hits you with a +0 club.
Robin throws the goblin at you!
You shoot an arrow. The arrow hits the goblin!
You kill the goblin!
The goblin misses you.
The goblin unwields a +0 club.
The goblin wields a +0 sling.
The goblin shoots a sling bullet.
The sling bullet hits you.
You shoot an arrow. The arrow closely misses the goblin.
The goblin misses you.
Robin's horned helmet rattles.
Robin roars a battlecry!
The goblins go into a battle-frenzy!
The goblin misses you.
The goblin shoots a sling bullet.
The sling bullet barely misses you.
The sling bullet closely misses the goblin.
The goblin barely misses you. x2
You shoot an arrow. The arrow barely misses the goblin.
The goblin shoots a sling bullet.
The sling bullet hits you. The goblin misses you. Robin closely misses you.
The goblin hits you but does no damage.
The goblin shoots a sling bullet.
The sling bullet hits you but does no damage.
You shoot an arrow. The arrow hits the goblin!
You kill the goblin!
The goblin hits you with a +4 dagger!
Robin zaps a wand.
The puff of flame misses you.
The goblin shoots a sling bullet.
The sling bullet barely misses you.
The sling bullet completely misses the goblin.
You shoot an arrow. The arrow misses the goblin.
The goblin completely misses you.
Robin hits you from afar with a +0 spear.
You die...
Robin lets out a smug laugh.

..#~%~~~~%~~~~~~~~~~~~~~~~~~~~# #
..#~~~~~~~~~~~~~~~~~~~~~~~~~~~# #
..##.........................####
..####################'#########.
#.##8.###8.###8.###8.#........##.
#.##............)....)........#..
#.##.##########################.#
#............####)g## ...#
#########.##...g@)g(# ### #
#.#####.)##.))). # #.###...## #..
# #.....### #######


You could see Robin and 2 goblins.

Vanquished Creatures
  Jessica (D:2)
  Natasha (D:1)
  2 adders (D:2)
  2 dart slugs (D:2)
  4 ball pythons
  4 endoplasms
  3 giant cockroaches
  12 goblins (D:2)
  2 hobgoblins (D:2)
  3 kobolds
  A quokka (D:1)
  5 bats
  3 frilled lizards
  3 rats
46 creatures vanquished.

Notes
Turn   | Place    | Note
-------+----------+-------------------------------------------
     0 | D:1      | qw the Spriggan Hunter began the quest for the Orb.
     0 | D:1      | Reached XP level 1. HP: 10/10 MP: 2/2
     0 | D:1      | 0 ||| qw: Version: 0.3-a-160-g6735b56
     0 | D:1      | 0 ||| qw: Game counter: 4354
     0 | D:1      | 0 ||| qw: Melee chars always use a shield: true
     0 | D:1      | 0 ||| qw: God list: Okawaru
     0 | D:1      | 0 ||| qw: Allow faded altars: false
     0 | D:1      | 0 ||| qw: Do Orc after clearing Dungeon:15 true
     0 | D:1      | 0 ||| qw: Do second Lair branch before Depths: true
     0 | D:1      | 0 ||| qw: Lair rune preference: random
     0 | D:1      | 0 ||| qw: Goals: Normal
     0 | D:1      | 0 ||| PLANNING D:1-11
    37 | D:1      | Reached skill level 3 in Dodging
   334 | D:1      | Reached XP level 2. HP: 14/14 MP: 3/3
   712 | D:1      | Found a blossoming altar of Fedhas.
   718 | D:1      | 718 ||| READING scroll labelled LETYUJ WODUPNARE.
   719 | D:1      | 719 ||| READING scroll labelled CEUTOE KIAPU.
   719 | D:1      | 719 ||| IDENTIFYING bubbling inky potion
   720 | D:1      | 720 ||| READING scroll labelled PISTRI SECOC.
   725 | D:1      | 725 ||| DRINKING 2 fuming yellow potions.
   755 | D:1      | 755 ||| DROPPING scroll of butterflies.
   756 | D:1      | 756 ||| DROPPING potion of degeneration.
   757 | D:1      | 757 ||| DROPPING potion of lignification.
   780 | D:2      | Noticed Natasha
   783 | D:2      | 783 ||| STAIRDANCE
   790 | D:1      | Killed Natasha
   791 | D:1      | Reached XP level 3. HP: 11/18 MP: 4/4
   900 | D:2      | Noticed Jessica
   905 | D:2      | Killed Jessica
   906 | D:2      | Reached XP level 4. HP: 22/22 MP: 5/5
  1151 | D:2      | 1151 ||| FLEEEEING.
  1152 | D:2      | 1152 ||| FLEEEEING.
  1157 | D:2      | 1157 ||| FLEEEEING.
  1158 | D:2      | 1158 ||| FLEEEEING.
  1160 | D:2      | 1160 ||| FLEEEEING.
  1161 | D:2      | 1161 ||| FLEEEEING.
  1162 | D:2      | 1162 ||| FLEEEEING.
  1163 | D:2      | 1163 ||| FLEEEEING.
  1164 | D:2      | 1164 ||| FLEEEEING.
  1165 | D:2      | 1165 ||| FLEEEEING.
  1166 | D:2      | 1166 ||| FLEEEEING.
  1167 | D:2      | 1167 ||| FLEEEEING.
  1168 | D:2      | 1168 ||| FLEEEEING.
  1169 | D:2      | 1169 ||| FLEEEEING.
  1170 | D:2      | 1170 ||| FLEEEEING.
  1171 | D:2      | 1171 ||| FLEEEEING.
  1172 | D:2      | 1172 ||| FLEEEEING.
  1173 | D:2      | 1173 ||| FLEEEEING.
  1174 | D:2      | 1174 ||| FLEEEEING.
  1179 | D:2      | 1179 ||| FLEEEEING.
  1180 | D:2      | 1180 ||| FLEEEEING.
  1181 | D:2      | 1181 ||| FLEEEEING.
  1182 | D:2      | 1182 ||| FLEEEEING.
  1323 | D:2      | Noticed Robin
  1333 | D:2      | HP: 3/23 [goblin/+4 dagger[Robin] (10)]
  1334 | D:2      | Slain by Robin

Levels and vault maps discovered:
D:1:      dpeg_arrival_water_altar, layout_loops_ring
D:2:      wad_river_or_something, layout_rooms, uniq_natasha, uniq_jessica,
          uniq_robin

Skill      XL: |  1  2  3  4 |
---------------+-------------+-----
Dodging        | 3 4 5 |  5.0
Ranged Weapons | 5 |  5.0
Fighting       | 2 |  2.0
Stealth        | |  1.5

Action                     |  1- 3 |  4- 6 || total
---------------------------+-------+-------++-------
   Fire: Shortbow          |    35 |    76 ||   111
    Use: Scroll            |     3 |       ||     3
         Potion            |     1 |       ||     1
 Armour: Robe              |     5 |    20 ||    25
  Dodge: Dodged            |     8 |    33 ||    41

Table legend:
 A = Non-vault XP
 B = Vault XP
 C = Vault XP percentage of total XP
 D = Non-vault monster count
 E = Vault monster count
 F = Vault count percentage of total count
                 A         B        C        D         E       F
            +---------+---------+-------+---------+---------+-------
      Total |      75 |      99 |  56.9 |      28 |      18 |  39.1
            +---------+---------+-------+---------+---------+-------
        D:1 |      16 |      35 |  68.6 |      10 |       1 |   9.1
        D:2 |      59 |      64 |  52.0 |      18 |      17 |  48.6
            +---------+---------+-------+---------+---------+-------
